 Dungeon Crawl Stone Soup version 0.27.1-33-g824d729ab1 (webtiles) character file.

Game seed: 13501340663056212255

11316 pkoi the Grappler (level 11, -10/86 HPs)
             Began as a Grey Draconian Artificer on Dec 29, 2021.
             Was a Believer of Dithmenos.
             Mangled by a komodo dragon (13 damage)
             ... on level 2 of the Lair of Beasts.
             The game lasted 00:26:30 (19881 turns).

pkoi the Grappler (Grey Draconian Artificer)       Turns: 19881, Time: 00:26:30

Health: -10/86     AC: 13    Str: 14    XL:     11   Next: 47%
Magic:  15/15      EV: 14    Int: 16    God:    Dithmenos [**....]
Gold:   456        SH:  0    Dex: 11    Spells: 4/16 levels left

rFire    . . .     SeeInvis .     - Unarmed
rCold    . . .     Faith    .   (no shield)
rNeg     + . .     Spirit   .   (armour unavailable)
rPois    .         Reflect  .   (helmet restricted)
rElec    .         Harm     .   (no cloak)
rCorr    .         Rampage  .   (no gloves)
Will     .....                  u - +0 pair of boots
Stlth    ++........             q - amulet of magic regeneration
HPRegen  0.24/turn              s - ring of positive energy
MPRegen  0.39/turn              (no ring)

@: wreathed by umbra
A: AC +12, amphibious, unfitting armour, cold-blooded
a: Renounce Religion, Shadow Step


You were on level 2 of the Lair of Beasts.
You worshipped Dithmenos.
Dithmenos was pleased with you.
You visited 2 branches of the dungeon, and saw 12 of its levels.
You also visited: Sewer.

You collected 456 gold pieces.

Inventory:

Hand Weapons
 e - a +2 spectral club
 k - a +0 whip of freezing
 m - a +2 whip of electrocution
 x - a +1 dagger of venom
Missiles
 i - 48 poisoned darts
Armour
 u - a +0 pair of boots (worn)
Jewellery
 g - a ring of ice
 q - an amulet of magic regeneration (around neck)
 s - a ring of positive energy (left hand)
 t - a ring of fire
Wands
 b - a wand of flame (19) (quivered)
 c - a wand of charming (4)
 v - a wand of iceblast (9)
 D - a wand of digging (12)
 F - a wand of acid (10)
 K - a wand of polymorph (9)
 L - a wand of mindburst (9)
Scrolls
 n - 2 scrolls of holy word
 p - a scroll of fear
 r - 3 scrolls of enchant weapon
 w - 2 scrolls of brand weapon
 y - 4 scrolls of teleportation
 A - a scroll of magic mapping
 B - a scroll of enchant armour
 C - a scroll of fog
 G - 2 scrolls of blinking
Potions
 a - 3 potions of flight
 f - 3 potions of heal wounds
 h - 3 potions of curing
 j - a potion of might
 l - a potion of magic
 o - a potion of invisibility
 z - 2 potions of resistance
 E - a potion of lignification
 H - a potion of berserk rage
 I - a potion of brilliance
 J - a potion of ambrosia {unknown}
Miscellaneous
 d - a piece from Xom's chessboard (15/15)


   Skills:
 - Level 5.0 Fighting
 + Level 7.6 Dodging
 - Level 0.8 Stealth
 + Level 12.8 Unarmed Combat
 - Level 3.0 Spellcasting
 + Level 5.0 Translocations
 + Level 2.4 Transmutations
 - Level 6.1 Evocations


You had 4 spell levels left.
You knew the following spells:

 Your Spells              Type           Power      Damage    Failure   Level
a - Blink                 Tloc           N/A        N/A       3%          2
b - Manifold Assault      Tloc           18%        N/A       54%         5
c - Blade Hands           Tmut           5%         N/A       88%         5

Your spell library contained the following spells:

 Spells                   Type           Power      Damage    Failure   Level
 Ensorcelled Hibernation  Hex/Ice        4%         N/A       28%         2
 Slow                     Hex            2%         N/A       28%         2
 Spider Form              Tmut/Pois      3%         N/A       34%         3
 Ignite Poison            Fire/Tmut/Pois 5%         N/A       38%         3
 Confusing Touch          Hex            2%         N/A       50%         3
 Conjure Flame            Conj/Fire      2%         6-21      50%         3
 Mephitic Cloud           Conj/Pois/Air  2%         N/A       50%         3
 Stone Arrow              Conj/Erth      4%         3d7       50%         3
 Vampiric Draining        Necr           1%         2d6       50%         3
 Iskenderun's Mystic Bla  Conj/Tloc      10%        2d4       54%         4
 Animate Dead             Necr           1%         N/A       88%         4
 Fulminant Prism          Conj/Hex       1%         3d6       88%         4
 Sticky Flame             Conj/Fire      2%         2d3       88%         4
 Irradiate                Conj/Tmut      3%         3d15      97%         5
 Dispersal                Tloc           9%         N/A       98%         6
 Bolt of Magma            Conj/Fire/Erth 1%         4d4       99%         5
 Freezing Cloud           Conj/Ice/Air   1%         6-21      99%         5
 Lee's Rapid Deconstruct  Erth           1%         3d5*      99%         5
 Shadow Creatures         Summ           N/A        N/A       100%        6
 Simulacrum               Ice/Necr       1%         N/A       100%        6
 Dragon Form              Tmut           5%         N/A       100%        7
 Haunt                    Necr/Summ      1%         N/A       100%        7
 Storm Form               Tmut/Air       3%         N/A       100%        7
 Infestation              Necr           1%         N/A       100%        8
 Lehudib's Crystal Spear  Conj/Erth      1%         10d2      100%        8
 Polar Vortex             Ice            1%         N/A       100%        9
 Animate Armour           Summ/Erth      Unusable   N/A       N/A         4

Dungeon Overview and Level Annotations

Branches:
Dungeon (10/15)            Temple (0/1) D:7            Lair (2/6) D:8
  Sewer (visited)
  Swamp: Lair:2-4    Shoals: Lair:2-4     Snake: Lair:2-4    Spider: Lair:2-4
    Orc: D:9-12

Altars:
Ashenzari
Cheibriados
Dithmenos
Elyvilon
Fedhas
Makhleb
Qazlal
Ru
Wu Jian
Zin
The Shining One

Shops:
D:8 (

Annotations:
D:8 2 runed translucent doors


Innate Abilities, Weirdness & Mutations

Your dull iron-grey scales are very hard. (AC +12)
You are amphibious.
You cannot fit into any form of body armour.
You are cold-blooded and may be slowed by cold attacks.


Message History

The komodo dragon barely misses you.
You closely miss the komodo dragon.
The komodo dragon is severely wounded.
The komodo dragon bites you but does no damage.
You hit the komodo dragon but do no damage.
The komodo dragon is severely wounded.
The komodo dragon bites you!
You punch the komodo dragon!
Your tail-slap misses the komodo dragon.
The komodo dragon is almost dead.
You hit the komodo dragon.
Your tail-slap misses the komodo dragon.
You punch the komodo dragon, but do no damage.
The komodo dragon is almost dead.
The komodo dragon bites you.
You punch the komodo dragon!
You kill the komodo dragon!
Dithmenos accepts your kill.
You punch the komodo dragon!
The komodo dragon is moderately wounded.
The komodo dragon misses you.
You barely miss the komodo dragon.
The komodo dragon is moderately wounded.
The komodo dragon bites you!!
* * * LOW HITPOINT WARNING * * *
You hit the komodo dragon but do no damage.
The komodo dragon is moderately wounded.
You hit the komodo dragon but do no damage.
Your punch misses the komodo dragon.
The komodo dragon is moderately wounded.
The komodo dragon misses you.
You barely miss the komodo dragon.
The komodo dragon is moderately wounded.
The komodo dragon bites you!
* * * LOW HITPOINT WARNING * * *
You hit the komodo dragon.
You tail-slap the komodo dragon, but do no damage.
The komodo dragon is moderately wounded.
The komodo dragon bites you!
You die...

####### # #####
#######.##..##.###
.##.#####
#....@l..........#
........#
#.#.#####..#..#..#
#.###P.## ##.###
###......... #.#
#P..# #..#
...#...... ###
##.#####.#
##.........
##P..#.##.#
#..#P###..
###.....###.#
#..### .
#....#....#.# #.##
##.###..#..#.##


You could see a komodo dragon.

Vanquished Creatures
  A hydra (Lair:1)
  Pikel (D:7)
  Joseph (D:10)
  A black mamba (Lair:1)
  2 cane toads
  A rime drake (Lair:2)
  4 komodo dragons
  A polar bear (Lair:2)
  Prince Ribbit (D:5)
  Grinder (D:3)
  16 yaks
  3 wyverns
  3 steam dragons
  Menkaure (D:6)
  A vampire mosquito (D:9)
  2 water moccasins
  5 black bears
  4 orc warriors
  A killer bee (D:8)
  An ice beast (D:8)
  A sky beast (D:8)
  4 centaurs
  2 phantoms
  4 kobold brigands
  4 bullfrogs
  A scorpion (D:6)
  A wyvern zombie (D:5)
  A gnoll sergeant (D:10)
  2 jellies (D:5)
  A howler monkey (D:6)
  5 centaur zombies
  2 hounds
  A centaur skeleton (D:4)
  5 orc priests
  A scorpion zombie (D:5)
  2 iguanas
  Natasha (D:2)
  2 orc wizards
  Robin (D:2)
  2 howler monkey zombies
  8 gnolls
  7 adders
  6 river rats
  2 shadow imps
  A worm (D:2)
  5 dart slugs
  23 orcs
  6 ball pythons
  8 bats
  4 endoplasms
  3 giant cockroaches
  14 goblins
  9 hobgoblins
  A jackal (Sewer)
  24 kobolds
  A quokka (D:4)
  2 frilled lizards
  10 rats
228 creatures vanquished.

Vanquished Creatures (collateral kills)
  A hydra (Lair:1)
  A killer bee (D:8)
  A jelly (D:8)
  An orc (D:8)
4 creatures vanquished.

Vanquished Creatures (others)
  2 vampire mosquitoes
  A water moccasin (D:8)
  3 killer bees (D:8)
  An orc (D:8)
  8 fungi
  19 plants
34 creatures vanquished.

Grand Total: 266 creatures vanquished

Notes
Turn   | Place    | Note
-------+----------+-------------------------------------------
     0 | D:1      | pkoi the Draconian Artificer began the quest for the Orb.
     0 | D:1      | Reached XP level 1. HP: 16/16 MP: 1/1
   365 | D:1      | Reached skill level 1 in Unarmed Combat
   403 | D:1      | Reached XP level 2. HP: 23/23 MP: 2/2
   676 | D:1      | Found a faded altar of an unknown god.
   961 | D:2      | Reached skill level 2 in Unarmed Combat
  1344 | D:2      | Reached XP level 3. HP: 20/28 MP: 3/3
  1448 | D:2      | Noticed Robin
  1523 | D:2      | HP: 1/28 [goblin[Robin] (3)]
  1543 | D:2      | Killed Robin
  1546 | D:2      | HP: 1/28 [hobgoblin[Robin] (6)]
  2388 | D:2      | Reached skill level 3 in Unarmed Combat
  2389 | D:2      | Reached XP level 4. HP: 19/35 MP: 4/4
  3292 | D:3      | Noticed Grinder
  3305 | D:3      | Noticed Natasha
  3306 | D:3      | Paralysed by Grinder for 5 turns
  4000 | D:2      | Reached XP level 5. HP: 38/40 MP: 5/5
  4022 | D:3      | Reached skill level 4 in Unarmed Combat
  4302 | D:2      | Killed Natasha
  4339 | D:3      | Found a shadowy altar of Dithmenos.
  4467 | D:3      | Killed Grinder
  4468 | D:3      | Reached skill level 5 in Unarmed Combat
  4468 | D:3      | Reached XP level 6. HP: 16/47 MP: 6/6
  4972 | D:3      | Became a worshipper of Dithmenos the Shadowed
  5126 | D:4      | Reached skill level 5 in Evocations
  5502 | D:4      | Reached skill level 6 in Unarmed Combat
  5502 | D:4      | Your scales start taking on a dull iron-grey colour.
  5502 | D:4      | Reached XP level 7. HP: 52/52 MP: 7/7
  6258 | D:5      | Entered Level 5 of the Dungeon
  6535 | D:5      | Noticed Prince Ribbit
  6543 | D:5      | Reached skill level 7 in Unarmed Combat
  6554 | D:5      | Killed Prince Ribbit
  6555 | D:5      | Reached XP level 8. HP: 10/59 MP: 8/8
  6926 | D:5      | Found a glowing drain.
  6937 | Sewer    | Entered a sewer
  6961 | Sewer    | Reached * piety under Dithmenos
  7182 | Sewer    | Found a white marble altar of Elyvilon.
  7315 | D:5      | Reached skill level 8 in Unarmed Combat
  7454 | D:5      | Found a snail-covered altar of Cheibriados.
  8586 | D:6      | Reached skill level 9 in Unarmed Combat
  8909 | D:6      | Found a burning altar of Makhleb.
  8909 | D:6      | Found a sacrificial altar of Ru.
  8910 | D:6      | Found an ornate altar of the Wu Jian Council.
  9065 | D:6      | Noticed Menkaure
  9075 | D:6      | Killed Menkaure
  9913 | D:7      | Reached XP level 9. HP: 66/66 MP: 9/9
 10146 | D:7      | Found a glowing silver altar of Zin.
 10146 | D:7      | Found a white marble altar of Elyvilon.
 10146 | D:7      | Found a glowing golden altar of the Shining One.
 10367 | D:7      | Found a staircase to the Ecumenical Temple.
 10487 | D:8      | Found a staircase to the Lair.
 10587 | D:8      | Noticed Pikel
 10638 | D:7      | Killed Pikel
 10639 | D:7      | Reached skill level 10 in Unarmed Combat
 10882 | D:8      | Identified the +1 chain mail of an ice cave {rElec}
 10993 | D:8      | Reached ** piety under Dithmenos
 11167 | D:8      | Reached skill level 5 in Dodging
 11686 | D:8      | Found a large runed translucent door.
 11687 | D:8      | Found a large runed translucent door.
 11939 | D:8      | Found Nixt's Weapon Boutique.
 12187 | D:9      | Learned a level 2 spell: Blink
 12240 | D:9      | Found a broken altar of Ashenzari.
 12284 | D:9      | Reached skill level 11 in Unarmed Combat
 12508 | D:9      | Reached XP level 10. HP: 33/80 MP: 10/10
 13091 | D:9      | Reached skill level 5 in Fighting
 13343 | D:9      | Found a blossoming altar of Fedhas.
 13666 | D:10     | Entered Level 10 of the Dungeon
 13712 | D:10     | Found a stormy altar of Qazlal.
 14143 | D:9      | Learned a level 5 spell: Manifold Assault
 14183 | D:10     | Noticed Joseph
 14459 | D:10     | Killed Joseph
 14460 | D:10     | Reached skill level 1 in Spellcasting
 14460 | D:10     | Reached skill level 1 in Translocations
 14704 | Lair:1   | Entered Level 1 of the Lair of Beasts
 14707 | Lair:1   | Noticed a cane toad
 15273 | D:8      | Killed a cane toad
 16049 | D:8      | Reached skill level 12 in Unarmed Combat
 17221 | Lair:1   | Noticed a six-headed hydra
 17235 | Lair:1   | Killed a six-headed hydra
 17236 | Lair:1   | Reached XP level 11. HP: 70/86 MP: 15/15
 17769 | Lair:1   | Noticed a five-headed hydra
 17780 | Lair:1   | Killed a five-headed hydra
 17897 | Lair:1   | Got Yfiqott's Tome of Quantum Ice
 18575 | Lair:1   | Learned a level 5 spell: Blade Hands
 18945 | Lair:2   | Reached skill level 1 in Transmutations
 19863 | Lair:2   | Reached skill level 5 in Translocations
 19880 | Lair:2   | HP: 3/86 [komodo dragon (16)]
 19881 | Lair:2   | Mangled by a komodo dragon

Illustrated notes

Levels and vault maps discovered:
D:1:      wander_arrival_desolate, layout_rooms, ebering_ecumenical_altar_webs,
          st_stairs_4
D:2:      minmay_diamond_boxcup, layout_loops_corners, uniq_robin
D:3:      layout_rooms, grunt_dithmenos_smoke, st_stairs_14, uniq_natasha,
          uniq_grinder
D:4:      layout_loops_corners, chequers_serial_rivers_large_b
D:5:      layout_gridville, kennysheep_slug_shrine, portal_sewer_entry_e,
          uniq_prince_ribbit1
D:6:      layout_basic, gammafunk_temple_overflow_claw, uniq_menkaure
D:7:      layout_loops_ring, good_gods_mini_temple, minmay_temple_entry_fiery
D:8:      layout_basic, jmf_multi_god_temple2, lair_entry_dummy, serial_shops,
          kennysheep_mini_moat, uniq_pikel
D:9:      layout_loops_ring, fedhas_bush_and_centaur_altar,
          mainiacjoe_overflow_concentric_impassable
D:10:     layout_irregular_city, grunt_qazlal_sundering, enter_trove_0,
          uniq_joseph
Lair:1:   layout_long_grid, serial_bayou_shore_b, grunt_megastairs_5
Lair:2:   beast_lair_carwin_large_1, layout_loops_ring

Skill      XL: |  1  2  3  4  5  6  7  8  9 10 11 |
---------------+----------------------------------+-----
Unarmed Combat | 1 2 3 5 6 7 9 11 12 | 12.8
Evocations     | 4 5 6 |  6.1
Dodging        | 4 5 6 7 |  7.6
Fighting       | 4 5 |  5.0
Spellcasting   | 3 |  3.0
Translocations | 3 5 |  5.0
Transmutations | 2 |  2.4
Stealth        | |  0.8

Action                   |  1- 3 |  4- 6 |  7- 9 | 10-12 || total
-------------------------+-------+-------+-------+-------++-------
Melee: Club              |    65 |   113 |   108 |       ||   286
       Tailslap          |    22 |    15 |    59 |    53 ||   149
       Whip              |    79 |       |       |       ||    79
       Punch             |       |     2 |    17 |    10 ||    29
       Unarmed           |       |     4 |   339 |   341 ||   684
       Dagger            |       |       |     7 |       ||     7
 Cast: Blink             |       |       |       |     1 ||     1
Evoke: Wand              |       |     2 |     5 |    22 ||    29
  Use: Scroll            |     1 |     7 |     9 |     4 ||    21
       Potion            |     3 |     2 |     2 |     1 ||     8
 Stab: Sleeping          |     3 |     1 |     1 |       ||     5
       Invisible         |     2 |       |     2 |       ||     4
       Distracted        |       |     1 |       |     1 ||     2
Armor: Skin              |    52 |    54 |   218 |   108 ||   432
Dodge: Dodged            |   120 |    99 |   335 |   231 ||   785
